 Dungeon Crawl Stone Soup version 0.30.1-4-g462c640d31 (webtiles) character file.

Game seed: 12139650762797662678

850 LynnLen the Sneak (level 7, -2/35 HPs)
             Began as a Spriggan Enchanter on Aug 14, 2023.
             Slain by Pikel
             ... wielding a +2 whip of flaming
              (11 damage)
             ... on level 5 of the Dungeon.
             The game lasted 00:12:16 (4600 turns).

LynnLen the Sneak (Spriggan Enchanter)              Turns: 4600, Time: 00:12:16

Health: -2/35      AC:  4    Str: 18    XL:     7   Next: 69%
Magic:  13/15      EV: 19    Int: 16    God:
Gold:   211        SH:  0    Dex: 16    Spells: 7/15 levels left

rFire   . . .        a - +1 dagger
rCold   . . .        (no shield)
rNeg    . . .        b - +0 robe
rPois   .            (helmet restricted)
rElec   .            B - +1 cloak
rCorr   .            (gloves unavailable)
SInv    +            (boots unavailable)
Will    +....        j - amulet of regeneration
Stlth   +++          p - +6 ring of strength
HPRegen 1.05/turn    z - +6 ring of strength
MPRegen 0.14/turn

%: no passive effects
@: very quick
A: very small, no large weapons, unfitting armour, see invisible, speed 3
a: no special abilities


You were on level 5 of the Dungeon.
You visited 1 branch of the dungeon, and saw 5 of its levels.

You collected 211 gold pieces.

Inventory:

Hand Weapons
 a - a +1 dagger (weapon)
Missiles
 u - 4 curare-tipped darts
 A - a throwing net
Armour
 b - a +0 robe (worn)
 B - a +1 cloak (worn)
Jewellery
 j - an amulet of regeneration (around neck)
 p - a +6 ring of strength (left hand)
 w - an amulet of the acrobat
 z - a +6 ring of strength (right hand)
 C - a ring of magical power
Wands
 f - a wand of roots (9)
 q - a wand of flame (19)
Scrolls
 e - 3 scrolls of fog
 g - 2 scrolls of fear {unknown}
 h - a scroll of magic mapping {unknown}
 i - a scroll of teleportation {unknown}
 k - 2 scrolls of brand weapon {unknown}
 l - 2 scrolls of vulnerability {unknown}
 n - 2 scrolls of poison
 y - a scroll of blinking {unknown}
Potions
 c - 2 potions of invisibility
 d - 3 potions of mutation
 m - a potion of attraction
 o - 5 potions of haste
 r - a potion of might {unknown}
 s - 5 potions of curing {unknown}
 t - 3 potions of heal wounds
 v - a potion of flight {unknown}
 x - 2 potions of lignification {unknown}


   Skills:
 + Level 2.0 Fighting
 + Level 3.2 Short Blades
 + Level 4.5 Dodging
 + Level 6.3 Stealth
 + Level 4.7 Spellcasting
 * Level 6.0 Hexes
 * Level 3.0 Ice Magic


You had 7 spell levels left.
You knew the following spells:

 Your Spells              Type           Power      Damage    Failure   Level
a - Ensorcelled Hibernat  Hex/Ice        36%        N/A       3%          2
b - Confusing Touch       Hex            23%        N/A       4%          3
c - Tukima's Dance        Hex            23%        N/A       4%          3

Your spell library contained the following spells:

 Spells                   Type           Power      Damage    Failure   Level
 Dazzling Flash           Conj/Hex       26%        N/A       14%         3
 Beastly Appendage        Tmut           6%         N/A       16%         1
 Wereblood                Tmut           3%         N/A       24%         2
 Spider Form              Tmut/Pois      3%         N/A       43%         3


Dungeon Overview and Level Annotations

Branches:
Dungeon (5/15)
 Temple: D:4-7

Altars:
Elyvilon
Makhleb
Okawaru
Xom

Annotations:
D:5 Pikel


Innate Abilities, Weirdness & Mutations

You are very small and have problems with some larger weapons.
You are too small for most types of armour.
You have supernaturally acute eyesight. (SInv)
You cover ground extremely quickly. (Speed+++)


Message History

You kill the jelly!
You start resting.
Magic restored.
A scorpion comes into view.
The helpless scorpion fails to defend itself.
You skewer the scorpion like a kebab!!!
You kill the scorpion!
Your Fighting skill increases to level 2!
Your Hexes skill increases to level 6!
Your Ice Magic skill increases to level 3!
Pikel and a lemure come into view.
Pikel is wielding a +2 whip of flaming.
A lemure comes into view.
Found a potion of haste and a scroll labelled FUTEAPU FUCOU.
The lemure shouts!
You hear a shout! x3
A lemure comes into view.
A lemure comes into view.
Aiming: Ensorcelled Hibernation (safe; 3% risk of failure)
Press: ? - help, Q - select action, (/) - cycle Shift-Dir - straight line, f - Pikel
Aim: Pikel, wielding a +2 whip of flaming and wearing a +0 robe (chance to affect: 50%) Pikel looks drowsy...
Unknown command.
The helpless Pikel fails to defend himself.
You impale Pikel!!
Pikel is severely wounded.
Pikel barely misses you.
You hit Pikel.
Pikel is almost dead.
The lemure misses you.
Pikel hits you with a +2 whip of flaming.
Pikel burns you.
You closely miss Pikel.
Pikel is almost dead.
Pikel hits you with a +2 whip of flaming!
Pikel burns you. The lemure hits you. The lemure barely misses you.
You closely miss Pikel.
Pikel is almost dead.
The lemure misses you. The lemure hits you.
* * * LOW HITPOINT WARNING * * *
Pikel hits you with a +2 whip of flaming!
You die...

#.##.#.##.#.# #.#
#.##........#...#
#....#.#..?...#.##
#.##.#...$!.#.#.... ##.....
#.##...#........##.##...#.....
#.##.#.#.#.##.#.##............
##....#......w5................
#..##.#.#.##5###5##..#.........
#..##........5K@....###........
#..##.#.##.###5####............
#..##.#.##.###.####............
#................†..##.........
#.†....################........
######..# ###.......# ##..# #
#.......### #.# ###. #....#...#
........ ####....##.##..


You could see Pikel and 4 lemures.

Vanquished Creatures
  A black bear (D:4)
  An ogre (D:4)
  A centaur (D:5)
  2 scorpions (D:5)
  A hound (D:4)
  A jelly (D:5)
  Crazy Yiuf (D:2)
  A sleepcap (D:4)
  Jessica (D:2)
  2 iguanas
  Terence (D:3)
  6 adders
  3 gnolls (D:5)
  7 dart slugs
  6 orcs
  3 bats
  8 endoplasms
  3 giant cockroaches
  4 goblins
  6 hobgoblins
  A jackal (D:1)
  4 quokkas
  2 ball pythons
  6 frilled lizards
  5 kobolds
  7 rats
84 creatures vanquished.

Vanquished Creatures (collateral kills)
  An ogre (D:4)
1 creature vanquished.

Grand Total: 85 creatures vanquished

Notes
Turn   | Place    | Note
-------+----------+-------------------------------------------
     0 | D:1      | LynnLen the Spriggan Enchanter began the quest for the Orb.
     0 | D:1      | Reached XP level 1. HP: 9/9 MP: 5/5
   132 | D:1      | Found a faded altar of an unknown god.
   316 | D:1      | Reached XP level 2. HP: 13/13 MP: 6/6
   325 | D:1      | Learned a level 2 spell: Ensorcelled Hibernation
   338 | D:1      | You fall into a shaft and drop 1 floor!
   339 | D:2      | Noticed Jessica
   342 | D:2      | Killed Jessica
   343 | D:2      | Reached XP level 3. HP: 17/17 MP: 6/8
   350 | D:2      | Learned a level 3 spell: Confusing Touch
   354 | D:2      | Learned a level 3 spell: Tukima's Dance
   444 | D:2      | Identified the +2 dagger of the Elven Halls {elec, +Blink
                  | Str-5 Dex+3}
   661 | D:2      | Found a white marble altar of Elyvilon.
   902 | D:2      | Found a runed translucent door.
   903 | D:2      | Noticed Crazy Yiuf
  1021 | D:2      | Killed Crazy Yiuf
  1022 | D:2      | Reached XP level 4. HP: 21/21 MP: 0/10
  1469 | D:2      | Reached skill level 1 in Ice Magic
  2068 | D:1      | Reached skill level 5 in Stealth
  2519 | D:3      | Found a burning altar of Makhleb.
  2767 | D:3      | Noticed Terence
  2775 | D:3      | Killed Terence
  2776 | D:3      | Reached XP level 5. HP: 25/25 MP: 8/11
  3088 | D:4      | Found a shimmering altar of Xom.
  3158 | D:4      | Reached skill level 1 in Fighting
  3428 | D:4      | Noticed an ogre
  3468 | D:4      | Killed an ogre
  3469 | D:4      | Reached skill level 5 in Hexes
  3469 | D:4      | Reached XP level 6. HP: 16/30 MP: 4/13
  3797 | D:4      | Reached XP level 7. HP: 33/33 MP: 14/14
  3831 | D:4      | Found an iron altar of Okawaru.
  4099 | D:5      | Entered Level 5 of the Dungeon
  4573 | D:5      | Noticed Pikel
  4600 | D:5      | Slain by Pikel

Illustrated notes

Levels and vault maps discovered:
D:1:      dpeg_arrival_three_smaller_balls, layout_basic,
          hellmonk_ecumenical_altar_pennies_from_heaven, minmay_fountain_box,
          chequers_serial_rivers_room_b, wad_floor_pattern_1
D:2:      layout_loops_ring, basic_altar, uniq_crazy_yiuf_cottage, uniq_jessica
D:3:      layout_basic, mainiacjoe_overflow_boulevard, uniq_terence
D:4:      layout_loops_corners, kennysheep_mini_moat,
          nicolae_overflow_crystal_walls
D:5:      layout_cave_pools, nzn_hepliaklqana_mist_gate, lemuel_doored_altar,
          temple_statues, minmay_diced_spiral, uniq_pikel

Skill      XL: |  1  2  3  4  5  6  7 |
---------------+----------------------+-----
Dodging        | 3 4 |  4.5
Spellcasting   | 3 4 |  4.7
Hexes          | 4 5 6 |  6.0
Ice Magic      | 1 2 3 |  3.0
Stealth        | 5 6 |  6.3
Short Blades   | 2 3 |  3.2
Fighting       | 1 2 |  2.0

Action                     |  1- 3 |  4- 6 |  7- 9 || total
---------------------------+-------+-------+-------++-------
  Melee: Dagger            |    55 |   171 |    24 ||   250
         Punch             |       |     3 |       ||     3
   Cast: Ensorcelled Hiber |    12 |    22 |    11 ||    45
         Tukima's Dance    |       |     1 |       ||     1
         Confusing Touch   |       |     1 |       ||     1
    Use: Scroll            |       |     6 |       ||     6
   Stab: Sleeping          |    11 |    23 |    13 ||    47
 Armour: Robe              |     4 |    15 |       ||    19
  Dodge: Dodged            |    51 |   131 |    14 ||   196
